 Dungeon Crawl Stone Soup version 0.22-a0-448-g1fb7470005 (webtiles) character file.

5100 Kelnoc the Cleaver (level 10, -9/87 (88) HPs)
             Began as a Minotaur Fighter on June 4, 2018.
             Mangled by a two-headed ogre
             ... wielding a +0 giant club
              (11 damage)
             ... on level 8 of the Dungeon.
             The game lasted 00:35:50 (7097 turns).

Kelnoc the Cleaver (Minotaur Fighter)               Turns: 7097, Time: 00:35:53

HP:   -9/87 (88)    AC: 13    Str: 22    XL:     10   Next: 32%
MP:   9/9           EV:  7    Int:  5    God:
Gold: 282           SH:  7    Dex: 12    Spells: 9/9 levels left

rFire    . . .     SeeInvis .   a - +1 war axe
rCold    . . .     Gourm    .   c - +0 shield
rNeg     . . .     Faith    .   A - +3 ring mail
rPois    +         Spirit   .   (helmet restricted)
rElec    .         Reflect  .   (no cloak)
rCorr    .         Harm     .   m - +0 pair of gloves
MR       .....                  x - +0 pair of boots
Stlth    +.........             (no amulet)
HPRegen  0.24/turn              t - +3 ring of protection
MPRegen  0.11/turn              y - ring of poison resistance

@: extremely drained
A: retaliatory headbutt, horns 2
a: no special abilities


You were on level 8 of the Dungeon.
You were not hungry.

You visited 2 branches of the dungeon, and saw 9 of its levels.

You collected 282 gold pieces.

Inventory:

Hand Weapons
 a - a +1 war axe (weapon)
 v - a +0 spear of venom
 D - a +3 battleaxe of freezing
 E - a cursed +2 battleaxe
Armour
 c - a +0 shield (worn)
 m - a +0 pair of gloves (worn)
 w - a +0 chain mail
 x - a +0 pair of boots (worn)
 A - a +3 ring mail (worn)
Jewellery
 k - an uncursed ring of protection from magic
 t - a +3 ring of protection (left hand)
 u - an uncursed ring of protection from cold
 y - a ring of poison resistance (right hand)
Wands
 b - a wand of digging (15)
 z - a wand of paralysis (9)
 B - a wand of enslavement (15)
Scrolls
 e - a scroll of amnesia
 l - 7 scrolls of remove curse
 r - 3 scrolls of teleportation
Potions
 d - a potion of invisibility
 g - 2 potions of lignification
 h - 3 potions of curing
 i - 2 potions of heal wounds {unknown}
 j - 2 potions of cancellation {unknown}
 n - 2 potions of agility {unknown}
 o - a potion of degeneration {unknown}
 p - a potion of berserk rage {unknown}
 s - 2 potions of flight {unknown}
 C - a potion of might
Comestibles
 f - 17 rations


   Skills:
 + Level 7.9(0.0) Fighting
 + Level 11.8(0.0) Axes
 + Level 8.9(0.0) Armour
 + Level 3.8(0.0) Dodging
 + Level 0.5(0.0) Stealth
 + Level 8.5(0.0) Shields
 + Level 0.7(0.0) Evocations


You had 9 spell levels left.
You didn't know any spells.
Your spell library contained the following spells:

 Spells                   Type           Power        Failure   Level  Hunger
 Apportation              Tloc           #.....       99%         1    ##.....
 Summon Small Mammal      Summ           #...         99%         1    ##.....
 Animate Skeleton         Necr           N/A          99%         1    ##.....
 Summon Ice Beast         Ice/Summ       #.......     100%        4    #####..
 Call Imp                 Summ           #.......     100%        2    ###....
 Confusing Touch          Hex            #.....       99%         1    ##.....
 Call Canine Familiar     Summ           #.......     100%        3    ####...
 Summon Lightning Spire   Summ/Air       #.......     100%        4    #####..
 Summon Guardian Golem    Hex/Summ       #.......     100%        3    ####...


Dungeon Overview and Level Annotations

Branches:
Dungeon (8/15)             Temple (1/1) D:4
   Lair: D:8-11

Altars:
Ashenzari
Cheibriados
Dithmenos
Elyvilon
Fedhas
Gozag
Hepliaklqana
Kikubaaqudgha
Nemelex Xobeh
Okawaru
Qazlal
Ru
Sif Muna
Uskayaw
Vehumet
Wu Jian
Xom
Yredelemnul
Zin
The Shining One

Shops:
D:4 ?

Annotations:
D:8 shea9's ghost, novice DsAK


Innate Abilities, Weirdness & Mutations

You reflexively headbutt those who attack you in melee.
You have a pair of horns on your head.


Message History

The two-headed ogre hits you with a giant club! x2
The worker ant closely misses you.
You hit the worker ant but do no damage.
You barely miss the two-headed ogre.
The worker ant bites you but does no damage.
The two-headed ogre hits you with a giant club! x2
The worker ant bites you but does no damage.
You slash the worker ant!
The worker ant is heavily wounded.
You hit the two-headed ogre.
The two-headed ogre hits you with a giant club!
* * * LOW HITPOINT WARNING * * *
The two-headed ogre hits you but does no damage.
The worker ant bites you but does no damage.
The worker ant closely misses you. You furiously retaliate!
You headbutt the worker ant.
The two-headed ogre hits you with a giant club!!
* * * LOW HITPOINT WARNING * * *
The two-headed ogre hits you with a giant club!
You die...

##########
#@.......#
#aO......#
#........#
########.#####
#h[O)a...#
###[########
####...###########.
.....>....O.).......
####.#####a(...####


You could see a two-headed ogre and a worker ant.

Vanquished Creatures
  The ghost of dricus the Spear-Bearer, a novice MfSk of Okawaru (D:5)
  The ghost of
  123456 the Thaumaturge, a novice DECj of Vehumet (D:6)
  A hippogriff (D:7)
  Grinder (D:6)
  Sigmund (D:3)
  A spriggan (D:7)
  Eustachio (D:6)
  A hungry ghost (D:7)
  3 orc warriors
  A black bear (D:7)
  An ice beast (D:5)
  2 phantoms
  A necrophage (D:8)
  4 ogres
  Blork the orc (D:6)
  3 bullfrogs
  A gnoll sergeant (D:6)
  4 scorpions
  12 killer bees (D:7)
  4 wights (D:8)
  3 howler monkeys
  A bullfrog zombie (D:6)
  4 crimson imps
  2 centaur zombies
  4 orc priests
  2 hounds
  A jelly (D:5)
  5 orc wizards
  Terence (D:3)
  An iguana (D:5)
  6 worker ants
  A hound zombie (D:6)
  A hound skeleton (D:8)
  A worker ant zombie (D:5)
  2 howler monkey skeletons
  11 adders
  2 shadow imps
  2 worms (D:3)
  3 dart slugs
  7 leopard geckos
  24 orcs
  3 ball pythons
  4 giant cockroaches
  5 hobgoblins
  2 jackals (D:5)
  3 quokkas
  3 bats
  4 frilled lizards
  9 goblins
  A jackal zombie (D:6)
  4 kobolds
  10 rats
177 creatures vanquished.

Notes
Turn   | Place    | Note
-------+----------+-------------------------------------------
     0 | D:1      | Kelnoc the Minotaur Fighter began the quest for the Orb.
     0 | D:1      | Reached XP level 1. HP: 19/19 MP: 0/0
   102 | D:1      | Reached XP level 2. HP: 27/27 MP: 1/1
   501 | D:2      | Found a shadowy altar of Dithmenos.
   516 | D:2      | Reached XP level 3. HP: 25/33 MP: 2/2
  1175 | D:3      | Reached skill level 3 in Axes
  1175 | D:3      | Reached XP level 4. HP: 35/40 MP: 3/3
  1181 | D:3      | Noticed Sigmund
  1204 | D:3      | Killed Sigmund
  1204 | D:3      | Reached skill level 4 in Axes
  1204 | D:3      | Reached skill level 5 in Armour
  1204 | D:3      | Reached skill level 1 in Dodging
  1204 | D:3      | Reached XP level 5. HP: 15/47 MP: 4/4
  1781 | D:3      | Reached XP level 6. HP: 53/53 MP: 5/5
  1827 | D:3      | Noticed Terence
  1833 | D:3      | Killed Terence
  1984 | D:4      | Found Kuruoh's Magic Scroll Shop.
  2005 | D:4      | Found a staircase to the Ecumenical Temple.
  2015 | Temple   | Entered the Ecumenical Temple
  2203 | D:4      | Reached skill level 5 in Shields
  2437 | D:4      | Found a shattered altar of Ashenzari.
  2599 | D:4      | Reached skill level 5 in Axes
  2726 | D:5      | Entered Level 5 of the Dungeon
  2733 | D:5      | Reached XP level 7. HP: 50/60 MP: 6/6
  2801 | D:5      | Reached skill level 5 in Fighting
  2832 | D:5      | Reached skill level 6 in Axes
  3042 | D:5      | Reached skill level 7 in Axes
  3042 | D:5      | Reached XP level 8. HP: 54/69 MP: 7/7
  3245 | D:5      | Found a sacrificial altar of Ru.
  3262 | D:5      | Noticed dricus's ghost (novice MfSk)
  3319 | D:5      | Killed dricus's ghost
  3319 | D:5      | Reached skill level 8 in Axes
  3616 | D:6      | Noticed Grinder
  3634 | D:6      | Killed Grinder
  3669 | D:6      | Found a stormy altar of Qazlal.
  3678 | D:6      | Found a deep blue altar of Sif Muna.
  3679 | D:6      | Found a basalt altar of Yredelemnul.
  3679 | D:6      | Found a blossoming altar of Fedhas.
  3679 | D:6      | Found a glowing silver altar of Zin.
  3714 | D:6      | Noticed 123456's ghost (novice DECj)
  3722 | D:6      | Killed 123456's ghost
  3722 | D:6      | Reached skill level 9 in Axes
  3722 | D:6      | Reached XP level 9. HP: 71/75 MP: 8/8
  3878 | D:6      | Noticed Blork the orc
  3910 | D:6      | Killed Blork the orc
  4118 | D:6      | Reached skill level 10 in Axes
  4287 | D:6      | Noticed Eustachio
  4297 | D:6      | Killed Eustachio
  4630 | D:7      | Reached skill level 11 in Axes
  4655 | D:7      | Reached XP level 10. HP: 59/86 MP: 9/9
  5369 | D:8      | Noticed shea9's ghost (novice DsAK)
  6631 | D:8      | Noticed a two-headed ogre
  7097 | D:8      | HP: 2/87 [two-headed ogre/giant club (21)]
  7097 | D:8      | Mangled by a two-headed ogre

Vault maps used:
D:1:      dpeg_arrival_rooms_c
D:2:      nicolae_dithmenos_shadow_blocks, first_ration, corexii_shack
D:3:      cheibrodos_old_hovel, uniq_terence, uniq_sigmund
D:4:      nicolae_overflow_crystal_walls, temple_hall, serial_shops,
          nicolae_shop_trees, minmay_fountain_box, hangedman_glass_teeth
D:5:      nicolae_ru_path_of_blood
D:6:      kennysheep_six_static_rooms, grunt_temple_overflow_open,
          uniq_eustachio, uniq_grinder, uniq_blork_the_orc
D:7:      the_bakery
D:8:      makhleb_heckhound_becter
Temple:   dshaligram_water_room_temple

Skill      XL: |  1  2  3  4  5  6  7  8  9 |
---------------+----------------------------+-----
Armour         | 4 5 6 7 8 |  8.9
Shields        | 4 5 6 7 8 |  8.5
Fighting       | 4 5 6 7 |  7.9
Axes           | 3 4 5 7 9 11 | 11.8
Dodging        | 1 2 3 |  3.8
Stealth        | |  0.5
Evocations     | |  0.7

Action                   |  1- 3 |  4- 6 |  7- 9 | 10-12 || total
-------------------------+-------+-------+-------+-------++-------
Melee: War axe           |    83 |    87 |   314 |   160 ||   644
       Headbutt          |    13 |    10 |    58 |    31 ||   112
Evoke: Wand              |       |       |     2 |     2 ||     4
  Use: Scroll            |       |     8 |     9 |     3 ||    20
       Potion            |       |     1 |       |     1 ||     2
  Eat: Chunk             |     1 |     5 |     7 |     3 ||    16
       Ration            |       |       |     1 |     2 ||     3
Armor: Scale mail        |    40 |    21 |       |       ||    61
       Chain mail        |       |    13 |   171 |     5 ||   189
       Ring mail         |       |       |       |    80 ||    80
Dodge: Dodged            |    21 |    22 |    91 |    46 ||   180
Block: Shield            |    52 |    38 |   185 |    74 ||   349

Table legend:
 A = Spawn XP
 B = Non-spawn XP
 C = Spawn XP percentage of total XP
 D = Spawn monster count
 E = Non-spawn monster count
 F = Spawn count percentage of total count
 G = Total turns spent on level
                    A         B        C        D         E        F      G
               +---------+---------+-------+---------+---------+-------+---------
         Total |       0 |    7287 |   0.0 |       0 |     177 |   0.0 |  7097
               +---------+---------+-------+---------+---------+-------+---------
           D:1 |       0 |      33 |   0.0 |       0 |      18 |   0.0 |   432
           D:2 |       0 |      57 |   0.0 |       0 |      13 |   0.0 |   735
           D:3 |       0 |     326 |   0.0 |       0 |      19 |   0.0 |   814
           D:4 |       0 |     302 |   0.0 |       0 |       9 |   0.0 |   646
           D:5 |       0 |    1586 |   0.0 |       0 |      30 |   0.0 |   890
           D:6 |       0 |    1936 |   0.0 |       0 |      32 |   0.0 |   839
           D:7 |       0 |    2373 |   0.0 |       0 |      35 |   0.0 |  2133
           D:8 |       0 |     674 |   0.0 |       0 |      21 |   0.0 |   509
               +---------+---------+-------+---------+---------+-------+---------
